Map: Rhoskallian LE

Players

Massa - Winner!

  • Race: Terran Terran
  • League: Platinum

qqq - Winner!

  • Race: Zerg Zerg

Rhésos

  • Race: Zerg Zerg

Argost

  • Race: Terran Terran
  • League: Gold

VOD

Have the link to the VOD?

Description

Time

  • Played on: April 10, 2021, 4:17 p.m.
  • Length: 5:42
Show
View Real Time Build Order
Export as new Build Order

Massa Terran - Winner!

Build Orders:  

Get SALT Encoding   

  12  0:00  SCV  
  13  0:12  SCV  
  14  0:22  Supply Depot  
  14  0:26  SCV  
  15  0:40  Refinery  
  15  0:44  SCV  
  16  0:50  Barracks  
  16  1:03  Barracks  
  16  1:13  Refinery, SCV  
  17  1:39  Supply Depot  
  17  1:41  Reaper  
  17  1:44  Orbital Command  
  18  1:51  Reaper  
  19  2:10  SCV  
  19  2:13  Reaper  
  21  2:23  Reaper  
  22  2:42  SCV  
  23  2:45  Reaper  
  24  2:54  SCV  
  24  2:56  Reaper  
  26  3:09  SCV  
  27  3:21  SCV  
  27  3:24  Barracks  
  28  3:27  Command Center  
  28  3:33  Factory  
  28  3:34  Barracks  
  28  4:34  Barracks Reactor, Barracks Tech Lab  
  25  5:08  Orbital Command  
  25  5:09  SCV  
  25  5:11  Barracks Tech Lab  
  25  5:12  Factory Tech Lab  
  25  5:13  Marine x3  
  29  5:21  SCV  
Show
View Real Time Build Order
Export as new Build Order

qqq Zerg - Winner!

Build Orders: Hatch First 

Get SALT Encoding   

  12  0:02  Drone  
  13  0:08  Drone  
  14  0:18  Overlord  
  14  0:46  Hatchery  
  14  0:49  Drone  
  14  0:53  Drone  
  15  0:57  Drone  
  15  1:03  Extractor  
  15  1:21  Spawning Pool  
  15  1:25  Drone x2  
  16  1:45  Drone x2  
  18  1:56  Drone  
  19  2:01  Overlord  
  19  2:02  Drone  
  20  2:08  Queen  
  20  2:11  Queen  
  24  2:17  Drone  
  24  2:20  Drone  
  26  2:24  Drone  
  26  2:27  Drone  
  28  2:32  Drone  
  28  2:33  Drone  
  30  2:41  Zergling x2  
  30  2:43  Drone  
  32  2:51  Metabolic Boost  
  32  3:03  Drone x2, Zergling x4  
  36  3:17  Evolution Chamber, Overlord x2  
  36  3:19  Overlord  
  35  3:20  Overlord  
  35  3:26  Zergling x2  
  36  3:32  Overlord  
  36  3:36  Overlord  
  36  3:40  Zergling x2  
  36  3:41  Zergling x6  
  40  3:45  Zerg Melee Weapons Level 1  
  40  3:49  Zergling x2  
  40  3:50  Zergling x2  
  40  3:54  Zergling x2  
  40  3:55  Zergling x2  
  44  3:56  Zergling x2  
  44  3:59  Zergling x2  
  46  4:09  Zergling x8  
  49  4:20  Zergling x4  
  49  4:21  Zergling x2  
  52  4:38  Zergling x4  
  53  4:49  Zergling x4  
  53  4:58  Zergling x4  
  53  5:05  Hatchery  
  50  5:11  Drone x2  
  44  5:24  Zergling x8  
  44  5:25  Zergling x4  
Show
View Real Time Build Order
Export as new Build Order

Rhésos Zerg 

Build Orders: Hatch First 

Get SALT Encoding   

  12  0:01  Drone  
  13  0:13  Overlord  
  13  0:18  Drone  
  14  0:34  Drone x2  
  16  0:53  Hatchery, Drone  
  16  1:07  Spawning Pool  
  16  1:11  Drone  
  16  1:13  Extractor  
  16  1:16  Drone  
  16  1:24  Drone x2  
  18  1:39  Drone  
  19  1:53  Drone  
  20  2:07  Drone  
  20  2:08  Drone  
  22  2:11  Roach Warren  
  22  2:12  Queen  
  22  2:14  Queen  
  25  2:34  Extractor  
  24  2:40  Drone  
  24  2:43  Drone  
  26  2:50  Hatchery  
  26  2:56  Roach  
  28  3:09  Spine Crawler  
  28  3:12  Overlord  
  27  3:17  Extractor, Queen  
  27  3:18  Overlord  
  28  3:28  Spine Crawler  
  28  3:34  Roach x2  
  31  3:40  Extractor  
  31  3:41  Roach x4  
  35  3:48  Roach  
  41  3:52  Overlord  
  41  4:02  Roach  
  43  4:03  Ravager  
  44  4:16  Roach x2  
  48  4:17  Drone, Roach  
  49  4:25  Roach  
  49  4:30  Ravager  
  49  4:39  Overlord x2  
  49  4:51  Roach  
  49  4:57  Roach  
  49  4:58  Roach  
  42  5:06  Roach  
  42  5:08  Roach  
  42  5:10  Ravager  
  45  5:15  Roach  
  45  5:20  Roach  
Show
View Real Time Build Order
Export as new Build Order

Argost Terran 

Build Orders: Reaper Expand 

Get SALT Encoding   

  12  0:00  SCV  
  13  0:12  SCV  
  14  0:19  Supply Depot  
  14  0:31  SCV  
  15  0:43  SCV, Barracks  
  15  0:48  Refinery  
  16  0:55  SCV  
  17  1:07  SCV  
  17  1:48  Orbital Command  
  17  1:51  Reaper  
  18  1:56  Supply Depot  
  18  2:22  SCV, Factory  
  19  2:24  Marine  
  19  2:28  Command Center  
  20  2:39  SCV  
  20  2:42  Marine  
  22  3:08  Reaper  
  22  3:12  Bunker  
  24  3:13  Widow Mine, SCV  
  25  3:25  SCV  
  26  3:38  SCV  
  27  3:41  Orbital Command  
  27  3:48  Widow Mine  
  28  3:50  SCV  
  28  3:53  Bunker  
  26  4:09  Widow Mine  
  23  4:30  Widow Mine  
  23  4:36  Marine  
  16  4:54  Marine  
  17  5:01  SCV  
  17  5:03  Widow Mine  
  17  5:06  SCV  
  21  5:12  Marine  
  21  5:13  SCV  
Tags
 
Add a new tag
Caveats
  • Supply blocks, unpowered buildings, or Contaminate may cause inaccurate times.
  • Supply counts are checked every 10 seconds.